BR (22 & UNDER)
PITTSBURGH KILLA BEEZ @ LONG BEACH KO
08/26/2029
 
TOP OF THE 1ST
Pittsburgh Killa Beez batting - Pitching for Long Beach KO : RHP José Rivera
Pitching: RHP José Rivera
Batting: RHB Víctor Ochoa 0-0: Ball
1-0: Called Strike
1-1: Ball
2-1: Foul Ball, location: 2F
2-2: Fly out, F8 (Flyball, 78D)
Batting: LHB Argaw Mwita 0-0: Fly out, F8 (Line Drive, 8RD)
Batting: LHB Brian Lawson 0-0: Called Strike
0-1: Ball
1-1: Foul Ball, location: 2F
1-2: SINGLE (Groundball, 4D)
Batting: SHB Ricardo Silva 0-0: Called Strike
0-1: Ball
1-1: Ball
2-1: Ball
3-1: Swinging Strike
3-2: Foul Ball, location: 2F
3-2: Foul Ball, location: 2F
3-2: Strikes out swinging
Top of the 1st over - 0 runs, 1 hit, 0 errors, 1 left on base; Pittsburgh 0 - Long Beach 0
BOTTOM OF THE 1ST
Long Beach KO batting - Pitching for Pittsburgh Killa Beez : RHP Jorge Ochoa
Pitching: RHP Jorge Ochoa
Batting: RHB Ben Simpson 0-0: Fly out, F8 (Flyball, 8LD)
Batting: RHB Brandon Sharp 0-0: Foul Ball, location: 2F
0-1: Ball
1-1: Ball
2-1: Ball
3-1: Fly out, F8 (Flyball, 8RXD)
Batting: LHB Marvin Jones 0-0: Ball
1-0: Ball
2-0: Called Strike
2-1: Foul Ball, location: 2F
2-2: Foul Ball, location: 2F
2-2: Ball
3-2: Base on Balls
Batting: RHB Ralph Petit 0-0: Ball
1-0: Ball
2-0: Foul Ball, location: 2F
2-1: Ball
3-1: SINGLE (Groundball, 6D)
Marvin Jones to second
Batting: LHB Adrian Neal 0-0: Ball
1-0: Ball
2-0: Ball
3-0: Base on Balls
Marvin Jones to third
Ralph Petit to second
Batting: RHB Rodrigo Flores 0-0: Called Strike
0-1: Ball
1-1: Ball
2-1: Ball
3-1: Foul Ball, location: 2F
3-2: Ground out 6-3 (Groundball, 6)
Bottom of the 1st over - 0 runs, 1 hit, 0 errors, 3 left on base; Pittsburgh 0 - Long Beach 0
TOP OF THE 2ND
Pittsburgh Killa Beez batting - Pitching for Long Beach KO : RHP José Rivera
Batting: LHB Rafael Carrión 0-0: Ball
1-0: Ball
2-0: Foul Ball, location: 2F
2-1: Ball
3-1: Base on Balls
Batting: RHB Tommy Smith 0-0: Ball
1-0: Ball
2-0: Foul Ball, location: 2F
2-1: SINGLE (Flyball, 34D)
Rafael Carrión to second
Runner from 2nd tries for 3rd, SAFE, no throw
Batting: RHB Javier Pérez 0-0: Fly out, F2 (Popup, 23F)
Batting: SHB Manuel Cabrera 0-0: Foul Ball, location: 2F
0-1: Foul Ball, location: 2F
0-2: Strikes out swinging
Batting: RHB Gerardo Romero 0-0: Called Strike
0-1: Ball
1-1: Ball
2-1: Ground out 5-3 (Groundball, 56)
Top of the 2nd over - 0 runs, 1 hit, 0 errors, 2 left on base; Pittsburgh 0 - Long Beach 0
BOTTOM OF THE 2ND
Long Beach KO batting - Pitching for Pittsburgh Killa Beez : RHP Jorge Ochoa
Batting: LHB Wes Britton 0-0: Swinging Strike
0-1: Called Strike
0-2: Ball
1-2: Ball
2-2: Ball
3-2: Foul Ball, location: 2F
3-2: Foul Ball, location: 2F
3-2: Ground out 5-3 (Groundball, 56)
Batting: RHB Ricardo Tirado 0-0: Foul Ball, location: 2F
0-1: SINGLE (Flyball, 78S)
Batting: RHB Phil Stephens 0-0: Ball
1-0: Reached on error, E1 (Groundball, 13S)
Ricardo Tirado to second
Batting: RHB Ben Simpson 0-0: Swinging Strike
0-1: Ball
1-1: Fly out, F9 (Flyball, 89D)
Batting: RHB Brandon Sharp 0-0: DOUBLE (Line Drive, 89D)
Ricardo Tirado scores
Phil Stephens to third
Batting: LHB Marvin Jones 0-0: Foul Ball, location: 2F
0-1: Ball
1-1: Ball
2-1: Fly out, F6 (Popup, 6)
Bottom of the 2nd over - 1 run, 2 hits, 1 error, 2 left on base; Pittsburgh 0 - Long Beach 1
TOP OF THE 3RD
Pittsburgh Killa Beez batting - Pitching for Long Beach KO : RHP José Rivera
Batting: RHB Víctor Ochoa 0-0: Foul Ball, location: 2F
0-1: Foul Ball, location: 2F
0-2: Ball
1-2: Reached on error, E5 (Groundball, 5S)
Batting: LHB Argaw Mwita 0-0: Fly out, F8 (Flyball, 8RS)
Batting: LHB Brian Lawson 0-0: Ball
Víctor Ochoa is caught stealing 2nd base
1-0: Ball
2-0: Called Strike
2-1: Ball
3-1: Base on Balls
Batting: SHB Ricardo Silva 0-0: Ball
1-0: Ball
2-0: Foul Ball, location: 2F
2-1: Called Strike
2-2: Fly out, F8 (Flyball, 89D)
Top of the 3rd over - 0 runs, 0 hits, 1 error, 1 left on base; Pittsburgh 0 - Long Beach 1
BOTTOM OF THE 3RD
Long Beach KO batting - Pitching for Pittsburgh Killa Beez : RHP Jorge Ochoa
Batting: RHB Ralph Petit 0-0: Fly out, F8 (Flyball, 8RD)
Batting: LHB Adrian Neal 0-0: Ball
1-0: SINGLE (Groundball, 34D)
Batting: RHB Rodrigo Flores 0-0: Called Strike
0-1: Ball
1-1: Foul Ball, location: 2F
1-2: DOUBLE (Line Drive, 7D)
Adrian Neal to third
Runner from 3rd tries for Home, SAFE, no throw
Batting: LHB Wes Britton 0-0: Ball
1-0: Ball
2-0: Swinging Strike
2-1: Ball
3-1: Called Strike
3-2: Foul Ball, location: 2F
3-2: Base on Balls
Batting: RHB Ricardo Tirado 0-0: Fly out, F9 (Flyball, 89S)
Batting: RHB Phil Stephens 0-0: Ground out 6-3 (Groundball, 6S)
Bottom of the 3rd over - 1 run, 2 hits, 0 errors, 2 left on base; Pittsburgh 0 - Long Beach 2
TOP OF THE 4TH
Pittsburgh Killa Beez batting - Pitching for Long Beach KO : RHP José Rivera
Batting: LHB Rafael Carrión 0-0: Ball
1-0: Reached on error, E4 (Line Drive, 4)
Batting: RHB Tommy Smith 0-0: Foul Ball, location: 2F
0-1: Ball
1-1: Grounds into double play, 6-4-3 (Groundball, 6)
Batting: RHB Javier Pérez 0-0: Ball
1-0: Called Strike
1-1: Ball
2-1: Ground out 4-3 (Groundball, 4)
Top of the 4th over - 0 runs, 0 hits, 1 error, 0 left on base; Pittsburgh 0 - Long Beach 2
BOTTOM OF THE 4TH
Long Beach KO batting - Pitching for Pittsburgh Killa Beez : RHP Jorge Ochoa
Batting: RHB Ben Simpson 0-0: Fly out, F6 (Popup, 6D)
Batting: RHB Brandon Sharp 0-0: Ball
1-0: Foul Ball, location: 2F
1-1: Ball
2-1: Called Strike
2-2: Foul Ball, location: 2F
2-2: Foul Ball, location: 2F
2-2: Ball
3-2: Base on Balls
Batting: LHB Marvin Jones 0-0: Called Strike
Brandon Sharp steals 2nd base
0-1: Ball
1-1: Reached on error, E9 (Flyball, 9)
Brandon Sharp to third
Batting: RHB Ralph Petit 0-0: Swinging Strike
0-1: Ground out 4-3 (Groundball, 4M)
Brandon Sharp scores
Marvin Jones to second
Batting: LHB Adrian Neal 0-0: Ball
1-0: Ball
2-0: Called Strike
2-1: Ball
3-1: Base on Balls
Batting: RHB Rodrigo Flores 0-0: Ground out U3 (Groundball, 34)
Bottom of the 4th over - 1 run, 0 hits, 1 error, 2 left on base; Pittsburgh 0 - Long Beach 3
TOP OF THE 5TH
Pittsburgh Killa Beez batting - Pitching for Long Beach KO : RHP José Rivera
Batting: SHB Manuel Cabrera 0-0: Called Strike
0-1: Called Strike
0-2: Strikes out swinging
Batting: RHB Gerardo Romero 0-0: Called Strike
0-1: Ball
1-1: Swinging Strike
1-2: Strikes out swinging
Batting: RHB Víctor Ochoa 0-0: Ground out 4-3 (Groundball, 34D)
Top of the 5th over - 0 runs, 0 hits, 0 errors, 0 left on base; Pittsburgh 0 - Long Beach 3
BOTTOM OF THE 5TH
Long Beach KO batting - Pitching for Pittsburgh Killa Beez : RHP Jorge Ochoa
Batting: LHB Wes Britton 0-0: Called Strike
0-1: Swinging Strike
0-2: SINGLE (Line Drive, 34D)
Batting: RHB Ricardo Tirado 0-0: Ball
Passed Ball!
Wes Britton to second
1-0: Ball
2-0: Foul Ball, location: 2F
2-1: Fly out, F7 (Flyball, 78M)
Batting: RHB Phil Stephens 0-0: Called Strike
0-1: Foul Ball, location: 2F
0-2: Ball
1-2: Ground out 3-1 (Groundball, 34S)
Wes Britton to third
Batting: RHB Ben Simpson 0-0: Called Strike
0-1: Fly out, F6 (Popup, P)
Bottom of the 5th over - 0 runs, 1 hit, 0 errors, 1 left on base; Pittsburgh 0 - Long Beach 3
TOP OF THE 6TH
Pittsburgh Killa Beez batting - Pitching for Long Beach KO : RHP José Rivera
Batting: LHB Argaw Mwita 0-0: Called Strike
0-1: Swinging Strike
0-2: Strikes out swinging
Batting: LHB Brian Lawson 0-0: Ball
1-0: Fly out, F7 (Flyball, 7S)
Batting: SHB Ricardo Silva 0-0: Ball
1-0: Ball
2-0: Foul Ball, location: 2F
2-1: Foul Ball, location: 2F
2-2: Strikes out swinging
Top of the 6th over - 0 runs, 0 hits, 0 errors, 0 left on base; Pittsburgh 0 - Long Beach 3
BOTTOM OF THE 6TH
Long Beach KO batting - Pitching for Pittsburgh Killa Beez : RHP Jorge Ochoa
Batting: RHB Brandon Sharp 0-0: Ball
1-0: Ball
2-0: SINGLE (Flyball, 8RS)
Batting: LHB Marvin Jones 0-0: Ball
Brandon Sharp is caught stealing 2nd base
1-0: Ball
2-0: Foul Ball, location: 2F
2-1: SINGLE (Groundball, 6) (infield hit)
Pinch Runner at 1st Kenny Canady:
Batting: RHB Ralph Petit 0-0: Called Strike
0-1: Fielders Choice at 2nd, 1-6 (Groundball, 13S)
Batting: LHB Adrian Neal 0-0: Ball
Ralph Petit steals 2nd base
1-0: Called Strike
1-1: Foul Ball, location: 2F
1-2: SINGLE (Line Drive, 9S)
Ralph Petit to third
Runner from 3rd tries for Home, SAFE, no throw
Batting: RHB Rodrigo Flores 0-0: Foul Ball, location: 2F
0-1: Swinging Strike
0-2: Ball
1-2: Ball
2-2: Fly out, F9 (Flyball, 9D)
Bottom of the 6th over - 1 run, 3 hits, 0 errors, 1 left on base; Pittsburgh 0 - Long Beach 4
TOP OF THE 7TH
Pittsburgh Killa Beez batting - Pitching for Long Beach KO : RHP José Rivera
Now at 1B: Kenny Canady
Batting: LHB Rafael Carrión 0-0: Called Strike
0-1: Called Strike
0-2: Foul Ball, location: 2F
0-2: Foul Ball, location: 2F
0-2: Foul Ball, location: 2F
0-2: Ball
1-2: Ground out 6-3 (Groundball, 6)
Batting: RHB Tommy Smith 0-0: Ball
1-0: Called Strike
1-1: SINGLE (Groundball, 6MD)
Batting: RHB Javier Pérez 0-0: Called Strike
0-1: Ball
1-1: Hit by Pitch
Tommy Smith to second
Batting: SHB Manuel Cabrera 0-0: SINGLE (Flyball, 7LS)
Tommy Smith to third
Javier Pérez to second
Batting: RHB Gerardo Romero 0-0: Foul Ball, location: 2F
0-1: Ball
1-1: Called Strike
1-2: Ball
2-2: Strikes out swinging
Batting: RHB Víctor Ochoa 0-0: Foul Ball, location: 2F
0-1: Called Strike
0-2: Foul Ball, location: 2F
0-2: Ball
1-2: Foul Ball, location: 2F
1-2: Fielders Choice at 2nd, 6-4 (Groundball, 6)
Top of the 7th over - 0 runs, 2 hits, 0 errors, 3 left on base; Pittsburgh 0 - Long Beach 4
BOTTOM OF THE 7TH
Long Beach KO batting - Pitching for Pittsburgh Killa Beez : RHP Jorge Ochoa
Batting: LHB Wes Britton 0-0: Ball
1-0: Ball
2-0: Called Strike
2-1: SINGLE (Groundball, 6D)
Pitching: LHP Santiago Arredondo
Batting: RHB Ricardo Tirado Balk!
Wes Britton to second
0-0: Intentional Walk
Batting: RHB Phil Stephens 0-0: Called Strike
0-1: Sac Bunt - play at first, batter OUT! 2-3
Wes Britton to third
Ricardo Tirado to second
Batting: RHB Ben Simpson 0-0: 3-RUN HOME RUN (Flyball, 78XD), Distance : 417 ft
Batting: RHB Brandon Sharp 0-0: Ball
1-0: Ball
2-0: Ball
3-0: Base on Balls
Batting: RHB Kenny Canady 0-0: Hit by Pitch
Brandon Sharp to second
Batting: RHB Ralph Petit Balk!
Brandon Sharp to third
Kenny Canady to second
0-0: Swinging Strike
0-1: Foul Ball, location: 2F
0-2: Foul Ball, location: 2F
0-2: Foul Ball, location: 2F
0-2: Foul Ball, location: 2F
0-2: Strikes out looking
Batting: LHB Adrian Neal 0-0: Called Strike
0-1: Ball
1-1: Called Strike
1-2: Ball
2-2: Foul Ball, location: 2F
2-2: Strikes out swinging
Bottom of the 7th over - 3 runs, 2 hits, 0 errors, 2 left on base; Pittsburgh 0 - Long Beach 7
TOP OF THE 8TH
Pittsburgh Killa Beez batting - Pitching for Long Beach KO : RHP José Rivera
Now in CF: Robert Lancaster
Batting: LHB Argaw Mwita 0-0: Ball
1-0: Called Strike
1-1: Foul Ball, location: 2F
1-2: SOLO HOME RUN (Flyball, 7D), Distance : 407 ft
Batting: LHB Brian Lawson 0-0: Called Strike
0-1: Foul Ball, location: 2F
0-2: Ball
1-2: Ball
2-2: Strikes out swinging
Batting: SHB Ricardo Silva 0-0: Ball
1-0: Called Strike
1-1: SINGLE (Groundball, 4S) (infield hit)
Pitching: RHP Jonathan Willis
Batting: LHB Rafael Carrión 0-0: Ball
1-0: Called Strike
1-1: Foul Ball, location: 2F
1-2: Fielders Choice at 2nd, 6-4 (Groundball, 6MD)
Batting: RHB Tommy Smith 0-0: Swinging Strike
0-1: Swinging Strike
0-2: Ball
1-2: Foul Ball, location: 2F
1-2: DOUBLE (Flyball, 8RXD)
Rafael Carrión to third
Runner from 3rd tries for Home, SAFE, no throw
Batting: RHB Javier Pérez 0-0: Called Strike
0-1: Swinging Strike
0-2: Ground out 6-3 (Groundball, 6)
Top of the 8th over - 2 runs, 3 hits, 0 errors, 1 left on base; Pittsburgh 2 - Long Beach 7
BOTTOM OF THE 8TH
Long Beach KO batting - Pitching for Pittsburgh Killa Beez : LHP Santiago Arredondo
Batting: RHB Rodrigo Flores 0-0: Ball
1-0: Swinging Strike
1-1: Swinging Strike
1-2: Ground out 5-3 (Groundball, 56S)
Pitching: RHP Bob Boone
Batting: LHB Wes Britton 0-0: Called Strike
0-1: Called Strike
0-2: Fly out, F8 (Line Drive, 8LM)
Batting: RHB Ricardo Tirado 0-0: Called Strike
0-1: Called Strike
0-2: Ball
1-2: Ground out 6-3 (Groundball, 6M)
Bottom of the 8th over - 0 runs, 0 hits, 0 errors, 0 left on base; Pittsburgh 2 - Long Beach 7
TOP OF THE 9TH
Pittsburgh Killa Beez batting - Pitching for Long Beach KO : RHP Jonathan Willis
Now at C: Pedro García
Batting: SHB Manuel Cabrera 0-0: Ball
1-0: SINGLE (Line Drive, 6MD)
Batting: RHB Gerardo Romero 0-0: Swinging Strike
0-1: SINGLE (Groundball, 6MD)
Manuel Cabrera to second
Batting: RHB Víctor Ochoa 0-0: Swinging Strike
0-1: Ball
1-1: Ball
2-1: SINGLE (Groundball, 6MD)
Manuel Cabrera to third
Gerardo Romero to second
Pitching: RHP Lloyd Jones
Batting: LHB Argaw Mwita 0-0: Foul Ball, location: 2F
0-1: Swinging Strike
0-2: Ball
1-2: Ball
2-2: Grounds into double play, 6-4-3 (Groundball, 6)
Manuel Cabrera scores
Gerardo Romero to third
Batting: LHB Brian Lawson 0-0: Ball
1-0: Ball
2-0: Called Strike
2-1: Ball
3-1: Base on Balls
Batting: SHB Ricardo Silva 0-0: Ball
1-0: Swinging Strike
1-1: Swinging Strike
1-2: Strikes out swinging
Top of the 9th over - 1 run, 3 hits, 0 errors, 2 left on base; Pittsburgh 3 - Long Beach 7
Saturday, December 16th, 2017 - OOTP Baseball 18.8 Build 76